2385 views
Uploaded 2022-04-16 23:53:56
Game version 1.32.0.5
45:45 long 3on3 ladder game on (8)Battleground_LV
Saved by Cabeelibob
2385 views
Uploaded 2022-04-16 23:53:56
Game version 1.32.0.5
45:45 long 3on3 ladder game on (8)Battleground_LV


96 units @ 9.1k
/ 1.5k
95 buildings @ 9k
/ 3.7k
DudeWhy
(236)
(45:44) : 

| Staff of Teleportation | 2 | 300 |
| total: | 2 | 300g |
| Peasant | 19 | 1425 | / | 0 |
| total: | 19 | 1425g | / | 0w |
| Scout Tower | 38 | 1140 | / | 760 |
| Arcane Tower | 1 | 70 | / | 50 |
| Guard Tower | 15 | 1050 | / | 750 |
| Altar of Kings | 2 | 360 | / | 100 |
| Farm | 6 | 480 | / | 120 |
| Lumber Mill | 3 | 360 | / | 0 |
| Town Hall | 1 | 385 | / | 205 |
| Keep | 1 | 320 | / | 210 |
| total: | 50 | 2725g | / | 1185w |
| 0:02 | Peasant |
| 0:04 | Altar of Kings |
| 0:07 | Peasant |
| 0:17 | Peasant |
| 0:19 | Farm |
| 0:20 | Peasant |
| 0:43 | Peasant |
| 0:50 | Lumber Mill |
| 0:52 | Peasant |
| 0:56 | Farm |
| 0:58 | Peasant |
| 1:12 | Peasant |
| 1:33 | Peasant |
| 1:37 | Farm |
| 1:48 | Peasant |
| 1:54 | Peasant |
| 2:06 | Storm Bolt |
| 2:08 | Peasant |
| 2:17 | Scout Tower |
| 2:19 | Peasant |
| 2:32 | Peasant |
| 2:41 | Improved Masonry |
| 2:43 | Arcane Tower |
| 3:29 | Peasant |
| 3:50 | Lumber Mill |
| 3:56 | Lumber Mill |
| 3:59 | Scout Tower |
| 4:00 | Scout Tower |
| 4:02 | Scout Tower |
| 4:15 | Peasant |
| 4:17 | Keep |
| 4:30 | Scout Tower |
| 4:30 | Scout Tower |
| 4:35 | Scout Tower |
| 4:39 | Guard Tower |
| 4:41 | Scout Tower |
| 5:07 | Scout Tower |
| 5:07 | Scout Tower |
| 5:09 | Guard Tower |
| 5:13 | Scout Tower |
| 5:38 | Guard Tower |
| 5:41 | Scout Tower |
| 5:41 | Scout Tower |
| 5:43 | Guard Tower |
| 5:45 | Scout Tower |
| 6:14 | Guard Tower |
| 6:15 | Scout Tower |
| 6:16 | Scout Tower |
| 6:17 | Scout Tower |
| 6:52 | Guard Tower |
| 6:54 | Scout Tower |
| 6:55 | Scout Tower |
| 6:58 | Scout Tower |
| 6:58 | Scout Tower |
| 6:58 | Scout Tower |
| 7:05 | Improved Lumber Harvesting |
| 7:05 | Advanced Masonry |
| 7:55 | Guard Tower |
| 7:58 | Scout Tower |
| 8:13 | Holy Light |
| 8:42 | Guard Tower |
| 8:47 | Scout Tower |
| 8:49 | Scout Tower |
| 8:49 | Scout Tower |
| 8:50 | Scout Tower |
| 8:51 | Scout Tower |
| 8:57 | Scout Tower |
| 8:59 | Scout Tower |
| 9:00 | Scout Tower |
| 10:01 | Guard Tower |
| 11:17 | Guard Tower |
| 12:11 | Bash |
| 12:20 | Guard Tower |
| 12:43 | Guard Tower |
| 13:41 | Scout Tower |
| 13:41 | Scout Tower |
| 13:50 | Scout Tower |
| 13:51 | Scout Tower |
| 14:02 | Scout Tower |
| 14:03 | Scout Tower |
| 14:04 | Scout Tower |
| 14:17 | Guard Tower |
| 14:26 | Guard Tower |
| 14:55 | Guard Tower |
| 15:34 | Altar of Kings |
| 15:36 | Farm |
| 15:36 | Farm |
| 15:40 | Farm |
| 18:40 | Bash |
| 19:33 | Town Hall |
| 22:41 | Peasant |
| 23:07 | Divine Shield |
| 23:08 | Divine Shield |
| 26:15 | Storm Bolt |
| 32:44 | Holy Light |
| 32:45 | Holy Light |
| 32:48 | Storm Bolt |
| 33:40 | Bash |
| 33:44 | Bash |
| 36:59 | Peasant |
| 36:59 | Peasant |
| 38:12 | Divine Shield |
| 40:39 | Staff of Teleportation |
| 40:58 | Staff of Teleportation |
| 43:30 | Divine Shield |
| Right click | 925 |
| Select group | 610 |
| Select | 354 |
| Build/train/purchase | 69 |
| Use ability | 59 |
| Resource trade | 47 |
| Misc. action | 46 |
| Chat | 18 |
| Minimap ping | 14 |
| Assign group | 9 |
| Esc | 4 |

| Healing Salve | 4 | 400 |
| Lesser Clarity Potion | 4 | 280 |
| Orb of Lightning | 1 | 375 |
| Scroll of Town Portal | 1 | 350 |
| Boots of Speed | 1 | 250 |
| Staff of Teleportation | 1 | 150 |
| Potion of Lesser Invulnerability | 1 | 150 |
| total: | 13 | 1955g |
| Peon | 16 | 1200 | / | 0 |
| total: | 16 | 1200g | / | 0w |
| Altar of Storms | 2 | 360 | / | 100 |
| Orc Burrow | 3 | 480 | / | 120 |
| Voodoo Lounge | 2 | 260 | / | 60 |
| War Mill | 2 | 410 | / | 0 |
| Great Hall | 4 | 1540 | / | 740 |
| Stronghold | 1 | 315 | / | 190 |
| Fortress | 1 | 325 | / | 190 |
| total: | 13 | 3050g | / | 1020w |
| 0:03 | Altar of Storms |
| 0:07 | Peon |
| 0:11 | Orc Burrow |
| 0:11 | Peon |
| 0:28 | Peon |
| 0:40 | Peon |
| 0:53 | Peon |
| 1:01 | Voodoo Lounge |
| 1:16 | Peon |
| 1:30 | Orc Burrow |
| 1:32 | Peon |
| 1:43 | Peon |
| 1:50 | Peon |
| 2:03 | Peon |
| 2:08 | War Mill |
| 2:13 | Healing Salve |
| 2:19 | Wind Walk |
| 2:30 | Peon |
| 2:55 | Stronghold |
| 5:28 | Critical Strike |
| 5:35 | Lesser Clarity Potion |
| 5:42 | Fortress |
| 8:34 | Orb of Lightning |
| 8:50 | Lesser Clarity Potion |
| 8:56 | Scroll of Town Portal |
| 11:03 | Wind Walk |
| 11:47 | Lesser Clarity Potion |
| 11:51 | Healing Salve |
| 12:32 | Altar of Storms |
| 12:43 | Voodoo Lounge |
| 13:04 | Orc Burrow |
| 13:13 | War Mill |
| 17:23 | Great Hall |
| 18:06 | Boots of Speed |
| 18:07 | Staff of Teleportation |
| 18:27 | Critical Strike |
| 22:50 | Healing Salve |
| 22:55 | Lesser Clarity Potion |
| 25:15 | Critical Strike |
| 28:13 | Bladestorm |
| 29:46 | Wind Walk |
| 32:11 | Great Hall |
| 32:56 | Healing Salve |
| 33:44 | Great Hall |
| 37:49 | Peon |
| 38:15 | Peon |
| 38:56 | Peon |
| 39:36 | Mirror Image |
| 39:59 | Peon |
| 40:23 | Potion of Lesser Invulnerability |
| 42:13 | Great Hall |
| 42:15 | Peon |
| Right click | 1372 |
| Misc. action | 201 |
| Select | 191 |
| Build/train/purchase | 80 |
| Select group | 46 |
| Use ability | 33 |
| Resource trade | 25 |
| Chat | 15 |
| Item give/drop | 9 |
| Minimap ping | 9 |
| Assign group | 2 |
| Remove unit | 2 |


| Peasant | 26 | 1950 | / | 0 |
| Mortar Team | 11 | 1980 | / | 770 |
| Flying Machine | 23 | 2300 | / | 690 |
| Dragonhawk Rider | 1 | 200 | / | 30 |
| total: | 61 | 6430g | / | 1490w |
| Scout Tower | 7 | 210 | / | 140 |
| Guard Tower | 6 | 420 | / | 300 |
| Altar of Kings | 2 | 360 | / | 100 |
| Farm | 13 | 1040 | / | 260 |
| Lumber Mill | 2 | 240 | / | 0 |
| Town Hall | 1 | 385 | / | 205 |
| Blacksmith | 1 | 140 | / | 60 |
| Arcane Vault | 1 | 130 | / | 30 |
| Workshop | 3 | 420 | / | 420 |
| Gryphon Aviary | 2 | 280 | / | 300 |
| Keep | 1 | 320 | / | 210 |
| Castle | 1 | 360 | / | 210 |
| total: | 32 | 3205g | / | 1515w |
| 0:09 | Altar of Kings |
| 0:10 | Peasant |
| 0:10 | Peasant |
| 0:10 | Peasant |
| 0:11 | Peasant |
| 0:43 | Farm |
| 0:47 | Peasant |
| 0:59 | Peasant |
| 1:14 | Farm |
| 1:22 | Peasant |
| 1:30 | Farm |
| 1:51 | Lumber Mill |
| 2:11 | Peasant |
| 2:11 | Peasant |
| 2:13 | Peasant |
| 2:29 | Storm Bolt |
| 4:05 | Town Hall |
| 4:16 | Improved Masonry |
| 4:33 | Scout Tower |
| 5:02 | Scout Tower |
| 5:16 | Guard Tower |
| 5:20 | Scout Tower |
| 5:29 | Scout Tower |
| 5:31 | Guard Tower |
| 5:45 | Farm |
| 5:54 | Guard Tower |
| 6:00 | Guard Tower |
| 6:21 | Keep |
| 6:35 | Peasant |
| 6:35 | Peasant |
| 6:35 | Peasant |
| 6:35 | Peasant |
| 6:36 | Peasant |
| 6:36 | Peasant |
| 6:36 | Peasant |
| 6:50 | Blacksmith |
| 7:11 | Farm |
| 7:30 | Farm |
| 7:54 | Farm |
| 8:01 | Peasant |
| 8:01 | Peasant |
| 8:19 | Black Gunpowder |
| 8:53 | Lumber Mill |
| 9:06 | Castle |
| 10:00 | Arcane Vault |
| 10:09 | Improved Lumber Harvesting |
| 10:09 | Advanced Masonry |
| 10:13 | Refined Gunpowder |
| 10:46 | Holy Light |
| 11:14 | Scout Tower |
| 11:22 | Scout Tower |
| 11:44 | Imbued Gunpowder |
| 11:57 | Workshop |
| 12:01 | Workshop |
| 12:11 | Workshop |
| 12:12 | Guard Tower |
| 12:14 | Guard Tower |
| 12:21 | Scout Tower |
| 12:24 | Peasant |
| 12:24 | Peasant |
| 12:24 | Peasant |
| 12:24 | Peasant |
| 12:24 | Peasant |
| 12:25 | Peasant |
| 12:25 | Peasant |
| 12:45 | Imbued Masonry |
| 12:47 | Iron Plating |
| 13:12 | Flying Machine Bombs |
| 13:14 | Flak Cannons |
| 13:16 | Flare |
| 13:19 | Fragmentation Shards |
| 13:42 | Advanced Lumber Harvesting |
| 13:53 | Mortar Team |
| 13:54 | Mortar Team |
| 13:54 | Mortar Team |
| 13:54 | Mortar Team |
| 13:58 | Mortar Team |
| 13:58 | Mortar Team |
| 14:00 | Mortar Team |
| 15:11 | Flying Machine |
| 15:11 | Flying Machine |
| 15:12 | Flying Machine |
| 15:12 | Flying Machine |
| 15:12 | Flying Machine |
| 15:12 | Flying Machine |
| 15:12 | Flying Machine |
| 15:29 | Altar of Kings |
| 16:05 | Steel Plating |
| 16:26 | Farm |
| 16:35 | Farm |
| 17:08 | Farm |
| 17:12 | Farm |
| 17:15 | Farm |
| 17:33 | Mithril Plating |
| 18:05 | Flying Machine |
| 18:05 | Flying Machine |
| 18:05 | Flying Machine |
| 18:05 | Flying Machine |
| 18:05 | Flying Machine |
| 18:05 | Flying Machine |
| 18:05 | Flying Machine |
| 18:14 | Farm |
| 19:05 | Flying Machine |
| 19:05 | Flying Machine |
| 19:06 | Flying Machine |
| 19:35 | Gryphon Aviary |
| 19:39 | Gryphon Aviary |
| 23:42 | Flying Machine |
| 23:42 | Flying Machine |
| 23:42 | Flying Machine |
| 23:42 | Flying Machine |
| 25:17 | Cloud |
| 26:54 | Dragonhawk Rider |
| 33:28 | Mortar Team |
| 33:29 | Mortar Team |
| 33:31 | Mortar Team |
| 33:32 | Mortar Team |
| 38:41 | Flying Machine |
| 38:42 | Flying Machine |
| Right click | 1510 |
| Select group | 1271 |
| Select | 313 |
| Build/train/purchase | 91 |
| Assign group | 13 |
| Use ability | 10 |
| Misc. action | 9 |
| Remove unit | 9 |
| Minimap ping | 9 |
| Resource trade | 4 |
151 units @ 21.7k
/ 3k
109 buildings @ 12.6k
/ 5.6k


| Acolyte | 11 | 825 | / | 0 |
| Ghoul | 10 | 1200 | / | 0 |
| Crypt Fiend | 15 | 3225 | / | 600 |
| Gargoyle | 3 | 525 | / | 90 |
| Meat Wagon | 8 | 1840 | / | 400 |
| Abomination | 3 | 720 | / | 210 |
| total: | 50 | 8335g | / | 1300w |
| Nerubian Tower | 2 | 200 | / | 40 |
| Spirit Tower | 9 | 1305 | / | 360 |
| Crypt | 2 | 400 | / | 100 |
| Ziggurat | 15 | 2250 | / | 750 |
| Altar of Darkness | 1 | 180 | / | 50 |
| Graveyard | 1 | 215 | / | 0 |
| Necropolis | 2 | 450 | / | 0 |
| Slaughterhouse | 2 | 280 | / | 270 |
| Halls of the Dead | 3 | 960 | / | 630 |
| Black Citadel | 2 | 650 | / | 460 |
| Arcane Tower | 2 | 140 | / | 100 |
| total: | 23 | 3775g | / | 1170w |
| 0:05 | Acolyte |
| 0:05 | Acolyte |
| 0:05 | Acolyte |
| 0:23 | Crypt |
| 0:51 | Ziggurat |
| 0:54 | Ziggurat |
| 1:24 | Altar of Darkness |
| 1:29 | Ghoul |
| 1:57 | Ghoul |
| 1:58 | Ghoul |
| 2:25 | Ghoul |
| 2:38 | Ghoul |
| 2:56 | Graveyard |
| 3:53 | Frost Nova |
| 4:03 | Ghoul |
| 4:20 | Crypt Fiend |
| 4:20 | Crypt Fiend |
| 4:21 | Crypt Fiend |
| 4:22 | Halls of the Dead |
| 4:52 | Ziggurat |
| 5:17 | Ziggurat |
| 6:14 | Ghoul |
| 6:14 | Ghoul |
| 6:18 | Unholy Strength |
| 6:20 | Unholy Armor |
| 7:07 | Gargoyle |
| 7:07 | Gargoyle |
| 7:07 | Gargoyle |
| 7:45 | Web |
| 8:03 | Frost Armor |
| 8:39 | Ghoul |
| 8:39 | Ghoul |
| 8:57 | Frost Nova |
| 9:03 | Acolyte |
| 9:31 | Crypt |
| 9:37 | Crypt Fiend |
| 9:37 | Crypt Fiend |
| 10:05 | Black Citadel |
| 10:15 | Acolyte |
| 10:15 | Acolyte |
| 10:15 | Acolyte |
| 10:15 | Acolyte |
| 10:15 | Acolyte |
| 10:38 | Ziggurat |
| 10:56 | Creature Attack |
| 11:08 | Nerubian Tower |
| 12:16 | Crypt Fiend |
| 12:29 | Unholy Aura |
| 12:51 | Black Citadel |
| 12:54 | Creature Carapace |
| 12:54 | Improved Creature Attack |
| 12:54 | Improved Unholy Strength |
| 12:55 | Improved Unholy Armor |
| 13:57 | Ziggurat |
| 13:59 | Ziggurat |
| 14:15 | Spirit Tower |
| 14:54 | Slaughterhouse |
| 16:33 | Meat Wagon |
| 16:33 | Meat Wagon |
| 16:38 | Slaughterhouse |
| 17:11 | Exhume Corpses |
| 17:13 | Meat Wagon |
| 17:14 | Meat Wagon |
| 17:14 | Meat Wagon |
| 17:19 | Disease Cloud |
| 18:08 | Meat Wagon |
| 18:08 | Meat Wagon |
| 18:08 | Meat Wagon |
| 18:46 | Abomination |
| 18:46 | Abomination |
| 18:46 | Abomination |
| 19:02 | Acolyte |
| 19:02 | Acolyte |
| 19:32 | Spirit Tower |
| 19:33 | Spirit Tower |
| 19:34 | Nerubian Tower |
| 19:36 | Advanced Creature Attack |
| 19:45 | Ziggurat |
| 19:45 | Ziggurat |
| 19:46 | Ziggurat |
| 19:48 | Ziggurat |
| 21:19 | Necropolis |
| 22:25 | Necropolis |
| 22:55 | Halls of the Dead |
| 23:02 | Crypt Fiend |
| 23:02 | Crypt Fiend |
| 23:30 | Spirit Tower |
| 23:31 | Spirit Tower |
| 23:32 | Spirit Tower |
| 24:14 | Death Coil |
| 24:22 | Crypt Fiend |
| 24:22 | Crypt Fiend |
| 24:22 | Crypt Fiend |
| 24:22 | Crypt Fiend |
| 24:44 | Ziggurat |
| 24:48 | Ziggurat |
| 26:51 | Crypt Fiend |
| 26:51 | Crypt Fiend |
| 26:51 | Crypt Fiend |
| 28:42 | Spirit Tower |
| 28:43 | Spirit Tower |
| 31:05 | Halls of the Dead |
| 33:55 | Ziggurat |
| 33:58 | Ziggurat |
| 34:48 | Dark Ritual |
| 35:58 | Spirit Tower |
| 37:52 | Arcane Tower |
| 37:53 | Arcane Tower |
| Right click | 999 |
| Select | 440 |
| Select group | 364 |
| Build/train/purchase | 130 |
| Misc. action | 112 |
| Chat | 63 |
| Assign group | 32 |
| Use ability | 21 |
| Esc | 13 |
| Remove unit | 6 |
| Minimap ping | 4 |

| Scroll of Regeneration | 1 | 100 |
| Potion of Mana | 1 | 200 |
| total: | 2 | 300g |
| Peasant | 18 | 1350 | / | 0 |
| Footman | 7 | 945 | / | 0 |
| Rifleman | 4 | 820 | / | 120 |
| Knight | 8 | 1960 | / | 480 |
| Mortar Team | 5 | 900 | / | 350 |
| Siege Engine | 2 | 390 | / | 120 |
| total: | 44 | 6365g | / | 1070w |
| Scout Tower | 3 | 90 | / | 60 |
| Guard Tower | 2 | 140 | / | 100 |
| Arcane Tower | 1 | 70 | / | 50 |
| Altar of Kings | 1 | 180 | / | 50 |
| Farm | 14 | 1120 | / | 280 |
| Barracks | 2 | 320 | / | 120 |
| Lumber Mill | 1 | 120 | / | 0 |
| Arcane Vault | 1 | 130 | / | 30 |
| Blacksmith | 1 | 140 | / | 60 |
| Town Hall | 3 | 1155 | / | 615 |
| Workshop | 1 | 140 | / | 140 |
| Keep | 1 | 320 | / | 210 |
| Castle | 1 | 360 | / | 210 |
| total: | 27 | 3395g | / | 1355w |
| 0:04 | Peasant |
| 0:04 | Peasant |
| 0:05 | Peasant |
| 0:11 | Altar of Kings |
| 0:29 | Farm |
| 0:45 | Barracks |
| 0:48 | Peasant |
| 0:59 | Lumber Mill |
| 1:24 | Farm |
| 1:27 | Peasant |
| 1:33 | Peasant |
| 1:49 | Footman |
| 1:49 | Footman |
| 2:07 | Peasant |
| 2:10 | Footman |
| 2:13 | Farm |
| 2:24 | Farm |
| 2:27 | Thunder Clap |
| 2:45 | Footman |
| 3:16 | Farm |
| 3:23 | Arcane Vault |
| 3:33 | Keep |
| 3:44 | Footman |
| 4:12 | Storm Bolt |
| 4:35 | Blacksmith |
| 4:45 | Barracks |
| 4:51 | Footman |
| 4:51 | Footman |
| 5:56 | Farm |
| 5:59 | Iron Forged Swords |
| 6:00 | Rifleman |
| 6:01 | Rifleman |
| 6:28 | Scout Tower |
| 6:35 | Rifleman |
| 6:39 | Castle |
| 6:43 | Black Gunpowder |
| 6:52 | Farm |
| 7:26 | Thunder Clap |
| 7:51 | Long Rifles |
| 7:52 | Rifleman |
| 8:36 | Scroll of Regeneration |
| 8:37 | Potion of Mana |
| 8:49 | Improved Lumber Harvesting |
| 9:00 | Peasant |
| 9:01 | Peasant |
| 9:01 | Peasant |
| 9:01 | Peasant |
| 9:13 | Knight |
| 9:54 | Advanced Lumber Harvesting |
| 9:57 | Peasant |
| 10:03 | Knight |
| 10:18 | Farm |
| 11:07 | Farm |
| 11:10 | Farm |
| 11:11 | Knight |
| 11:14 | Animal War Training |
| 11:55 | Knight |
| 12:15 | Guard Tower |
| 12:22 | Peasant |
| 12:22 | Peasant |
| 12:45 | Farm |
| 12:48 | Farm |
| 12:59 | Sundering Blades |
| 13:34 | Scout Tower |
| 14:02 | Town Hall |
| 14:07 | Town Hall |
| 14:13 | Arcane Tower |
| 14:15 | Scout Tower |
| 15:04 | Workshop |
| 15:10 | Guard Tower |
| 16:36 | Mortar Team |
| 16:37 | Mortar Team |
| 16:38 | Knight |
| 16:45 | Peasant |
| 16:46 | Peasant |
| 16:46 | Peasant |
| 17:22 | Mortar Team |
| 17:47 | Farm |
| 18:02 | Knight |
| 18:03 | Knight |
| 18:09 | Iron Plating |
| 19:01 | Mortar Team |
| 19:01 | Mortar Team |
| 19:16 | Siege Engine |
| 19:47 | Siege Engine |
| 20:17 | Knight |
| 20:21 | Peasant |
| 21:47 | Town Hall |
| 24:25 | Farm |
| Right click | 741 |
| Select | 419 |
| Build/train/purchase | 71 |
| Resource trade | 14 |
| Select group | 10 |
| Assign group | 3 |
| Use ability | 3 |
| Item give/drop | 1 |
| Remove unit | 1 |
| Esc | 1 |


| Scroll of Regeneration | 2 | 200 |
| Lesser Clarity Potion | 1 | 70 |
| Scroll of Protection | 1 | 150 |
| Potion of Invisibility | 1 | 100 |
| Potion of Lesser Invulnerability | 1 | 150 |
| total: | 6 | 670g |
| Peasant | 33 | 2475 | / | 0 |
| Footman | 11 | 1485 | / | 0 |
| Gryphon Rider | 5 | 1400 | / | 350 |
| Dragonhawk Rider | 8 | 1600 | / | 240 |
| total: | 57 | 6960g | / | 590w |
| Scout Tower | 32 | 960 | / | 640 |
| Guard Tower | 5 | 350 | / | 250 |
| Arcane Tower | 5 | 350 | / | 250 |
| Altar of Kings | 1 | 180 | / | 50 |
| Farm | 10 | 800 | / | 200 |
| Barracks | 1 | 160 | / | 60 |
| Arcane Vault | 1 | 130 | / | 30 |
| Town Hall | 5 | 1925 | / | 1025 |
| Lumber Mill | 1 | 120 | / | 0 |
| Blacksmith | 1 | 140 | / | 60 |
| Gryphon Aviary | 3 | 420 | / | 450 |
| Workshop | 4 | 560 | / | 560 |
| Keep | 2 | 640 | / | 420 |
| Castle | 1 | 360 | / | 210 |
| total: | 59 | 5395g | / | 3075w |
| 0:03 | Peasant |
| 0:03 | Peasant |
| 0:03 | Peasant |
| 0:16 | Altar of Kings |
| 0:22 | Farm |
| 0:32 | Barracks |
| 0:37 | Peasant |
| 1:10 | Farm |
| 1:18 | Peasant |
| 1:28 | Peasant |
| 1:34 | Footman |
| 1:47 | Footman |
| 1:54 | Arcane Vault |
| 2:00 | Peasant |
| 2:03 | Footman |
| 2:20 | Summon Water Elemental |
| 2:39 | Peasant |
| 2:39 | Peasant |
| 2:45 | Farm |
| 2:49 | Farm |
| 3:00 | Scroll of Regeneration |
| 4:00 | Keep |
| 4:59 | Footman |
| 5:00 | Footman |
| 5:00 | Footman |
| 5:01 | Footman |
| 5:23 | Town Hall |
| 5:33 | Brilliance Aura |
| 5:44 | Footman |
| 6:00 | Farm |
| 6:03 | Scout Tower |
| 6:05 | Scout Tower |
| 6:07 | Defend |
| 6:22 | Lesser Clarity Potion |
| 6:22 | Scroll of Regeneration |
| 6:28 | Scout Tower |
| 6:37 | Footman |
| 6:46 | Lumber Mill |
| 6:53 | Scout Tower |
| 7:09 | Scout Tower |
| 7:15 | Footman |
| 7:23 | Scout Tower |
| 7:25 | Improved Lumber Harvesting |
| 7:27 | Guard Tower |
| 7:36 | Footman |
| 7:38 | Arcane Tower |
| 8:12 | Blacksmith |
| 8:13 | Guard Tower |
| 8:18 | Scout Tower |
| 8:19 | Scout Tower |
| 8:38 | Peasant |
| 8:39 | Peasant |
| 8:39 | Peasant |
| 8:40 | Peasant |
| 8:40 | Peasant |
| 8:50 | Castle |
| 8:52 | Peasant |
| 8:52 | Peasant |
| 9:02 | Guard Tower |
| 9:15 | Guard Tower |
| 9:29 | Scroll of Protection |
| 9:43 | Improved Masonry |
| 11:10 | Advanced Masonry |
| 11:15 | Scout Tower |
| 11:19 | Peasant |
| 11:19 | Peasant |
| 11:21 | Advanced Lumber Harvesting |
| 11:25 | Iron Forged Swords |
| 11:46 | Peasant |
| 11:50 | Arcane Tower |
| 12:01 | Gryphon Aviary |
| 12:08 | Gryphon Aviary |
| 12:10 | Peasant |
| 12:11 | Peasant |
| 12:15 | Farm |
| 12:18 | Farm |
| 12:48 | Peasant |
| 12:50 | Imbued Masonry |
| 12:54 | Steel Forged Swords |
| 13:44 | Gryphon Rider |
| 13:46 | Farm |
| 13:55 | Peasant |
| 13:55 | Peasant |
| 13:57 | Peasant |
| 14:08 | Gryphon Aviary |
| 14:32 | Cloud |
| 14:35 | Peasant |
| 14:36 | Peasant |
| 14:36 | Peasant |
| 14:36 | Peasant |
| 14:36 | Peasant |
| 14:36 | Peasant |
| 14:57 | Potion of Invisibility |
| 14:58 | Potion of Lesser Invulnerability |
| 15:31 | Dragonhawk Rider |
| 15:32 | Dragonhawk Rider |
| 15:33 | Dragonhawk Rider |
| 15:51 | Black Gunpowder |
| 15:55 | Studded Leather Armor |
| 16:28 | Workshop |
| 16:29 | Workshop |
| 16:33 | Workshop |
| 16:42 | Workshop |
| 17:10 | Storm Bolt |
| 17:50 | Scout Tower |
| 18:08 | Animal War Training |
| 18:30 | Gryphon Rider |
| 19:05 | Scout Tower |
| 19:21 | Storm Hammers |
| 19:22 | Gryphon Rider |
| 19:23 | Gryphon Rider |
| 19:43 | Arcane Tower |
| 20:06 | Scout Tower |
| 20:10 | Arcane Tower |
| 20:15 | Gryphon Rider |
| 20:55 | Keep |
| 21:02 | Town Hall |
| 22:56 | Peasant |
| 22:57 | Peasant |
| 23:05 | Dragonhawk Rider |
| 23:06 | Dragonhawk Rider |
| 23:06 | Dragonhawk Rider |
| 23:06 | Dragonhawk Rider |
| 23:06 | Dragonhawk Rider |
| 23:11 | Farm |
| 23:13 | Farm |
| 23:20 | Scout Tower |
| 23:23 | Scout Tower |
| 23:49 | Arcane Tower |
| 24:10 | Scout Tower |
| 24:47 | Scout Tower |
| 24:49 | Scout Tower |
| 25:00 | Summon Water Elemental |
| 25:24 | Town Hall |
| 25:27 | Scout Tower |
| 25:28 | Scout Tower |
| 25:36 | Town Hall |
| 25:38 | Scout Tower |
| 25:40 | Scout Tower |
| 25:42 | Scout Tower |
| 25:42 | Scout Tower |
| 25:44 | Scout Tower |
| 25:45 | Scout Tower |
| 25:49 | Town Hall |
| 25:54 | Scout Tower |
| 25:55 | Scout Tower |
| 25:58 | Scout Tower |
| 26:00 | Scout Tower |
| 26:01 | Scout Tower |
| 26:01 | Scout Tower |
| 26:03 | Guard Tower |
| 26:07 | Scout Tower |
| Right click | 942 |
| Select | 474 |
| Build/train/purchase | 113 |
| Chat | 23 |
| Select group | 21 |
| Minimap ping | 14 |
| Assign group | 11 |
| Remove unit | 7 |
| Use ability | 1 |